 Dungeon Crawl Stone Soup version 0.29.1-14-g9c671dbff4 (webtiles) character file.

Game seed: 1586530003468312419

60 KittyFluff the Cudgeller (level 4, 0/29 HPs)
             Began as a Gargoyle Berserker on Feb 16, 2023.
             Was a Believer of Trog.
             Slain by Crazy Yiuf
             ... wielding a +3 quarterstaff of chaos
              (16 damage)
             ... while paralysed by Crazy Yiuf
             ... on level 2 of the Dungeon.
             The game lasted 00:07:11 (1698 turns).

KittyFluff the Cudgeller (Gargoyle Berserker)       Turns: 1698, Time: 00:07:11

Health: 0/29       AC:  5    Str: 20    XL:     4   Next: 6%
Magic:  4/4        EV:  2    Int:  8    God:    Trog [**....]
Gold:   95         SH:  0    Dex: 11    Spells: 3/3 levels left

rFire   . . .      SeeInvis .   a - +0 mace
rCold   . . .      Faith    .   h - +3 warlock's mirror {reflect}
rNeg    + . .      Spirit   .   b - +0 animal skin
rPois   ∞          Reflect  +   (no helmet)
rElec   +          Harm     .   (no cloak)
rCorr   .          Rampage  .   (no gloves)
Will    .....                   (no boots)
Stlth   +.........              (no amulet)
HPRegen 0.09/turn               (no ring)
MPRegen 0.09/turn               (no ring)

@: paralysed, studying Stealth
A: sickness immunity, AC +3, negative energy resistance 1, electricity
resistance, torment resistance 1, petrification resistance
a: Renounce Religion, Berserk, Trog's Hand


You were on level 2 of the Dungeon.
You worshipped Trog.
Trog was pleased with you.
You visited 1 branch of the dungeon, and saw 2 of its levels.

You collected 95 gold pieces.

Inventory:

Hand Weapons
 a - a +0 mace (weapon)
Missiles
 e - 25 stones (quivered)
Armour
 b - a +0 animal skin (worn)
 f - a +0 chain mail
 h - the +3 warlock's mirror (worn) {reflect}
   (You acquired it on level 2 of the Dungeon)

   It can block and reflect piercing ranged attacks and magical attacks against
   the wielder's willpower.
Scrolls
 d - a scroll of blinking {unknown}
 j - 2 scrolls of brand weapon {unknown}
 k - 2 scrolls of noise {unknown}
 m - 2 scrolls of identify {unknown}
 n - a scroll of magic mapping {unknown}
 o - a scroll of silence {unknown}
Potions
 c - 2 potions of magic {unknown}
 g - 3 potions of curing {unknown}
 i - 2 potions of haste {unknown}
 l - a potion of flight {unknown}
 p - a potion of attraction {unknown}
 q - a potion of might {unknown}


   Skills:
 + Level 3.7 Fighting
 + Level 3.9 Maces & Flails
 * Level 2.7 Armour
 + Level 2.0 Dodging
 + Level 0.5 Stealth


You had 3 spell levels left.
You didn't know any spells.
Your spell library was empty.

Dungeon Overview and Level Annotations

Branches:
Dungeon (2/15)

Altars:
Xom

Annotations:
D:2 Crazy Yiuf


Innate Abilities, Weirdness & Mutations

You are immune to sickness and miasma.
Your stone body is resilient. (AC +3)
You are immune to poison.
You resist negative energy. (rN+)
You are resistant to electric shocks. (rElec)
You are resistant to unholy torment.
You are immune to petrification.


Message History

You see here a scroll labelled PADELO PYPOVIU.
You barely miss the giant cockroach.
The giant cockroach bites you but does no damage.
You hit the giant cockroach but do no damage.
The giant cockroach bites you but does no damage.
The giant cockroach closely misses you.
You hit the giant cockroach.
The giant cockroach is lightly wounded.
The giant cockroach misses you.
You sock the giant cockroach!
You kill the giant cockroach!
Trog accepts your kill.
j - 2 scrolls labelled PADELO PYPOVIU (gained 1)
A hobgoblin comes into view.
You sock the hobgoblin!
You kill the hobgoblin!
Trog accepts your kill.
Your Dodging skill increases to level 2!
Found a rapier.
Found a stone staircase leading down.
There is a stone staircase leading down here.
Found a hammer.
Found a runed translucent door.
Crazy Yiuf shouts!
Press: ? - help, v - describe, . - travel
Here: Crazy Yiuf, wielding a +3 quarterstaff of chaos and wearing a +0 cloak (fire blocked by a runed translucent door)
The floor.
Something appears at your feet!
h - the +3 warlock's mirror {reflect} Crazy Yiuf grits, "Shadow!"
You start putting on your armour.
You continue putting on the +3 warlock's mirror {reflect}. x4
You finish putting on the +3 warlock's mirror {reflect}.
You open the door. You sock Crazy Yiuf!
Crazy Yiuf is moderately wounded.
Crazy Yiuf hits you with a +3 quarterstaff of chaos.
You suddenly lose the ability to move!
Crazy Yiuf hits you with a +3 quarterstaff of chaos! x2
Ouch! That really hurt!
You die...

### #.## #...
#.## ########
#... ###
###.#....## #..#
#...##..#.P....##
#...
#...g@####P.....#
##.# #)..###
##P....# #.# ###
####>.# #.# #.##
#.# #.# #.# #.#
#.# #.# #.# #.#
#.# #.# #.#


You could see Crazy Yiuf.

Vanquished Creatures
  3 adders (D:2)
  A dart slug (D:1)
  3 ball pythons
  3 endoplasms
  4 giant cockroaches
  2 goblins (D:1)
  A hobgoblin (D:2)
  2 kobolds (D:1)
  2 quokkas
  5 bats
  A frilled lizard (D:1)
  2 rats
29 creatures vanquished.

Notes
Turn   | Place    | Note
-------+----------+-------------------------------------------
     0 | D:1      | KittyFluff the Gargoyle Berserker began the quest for the
                  | Orb.
     0 | D:1      | Reached XP level 1. HP: 14/14 MP: 1/1
    42 | D:1      | Found a faded altar of an unknown god.
    96 | D:1      | Reached XP level 2. HP: 13/19 MP: 2/2
   803 | D:2      | Identified 2 scrolls of acquirement
   803 | D:2      | Acquired a manual of Stealth
  1022 | D:2      | Reached XP level 3. HP: 23/23 MP: 3/3
  1151 | D:2      | Reached ** piety under Trog
  1412 | D:2      | Found a shimmering altar of Xom.
  1497 | D:2      | Reached XP level 4. HP: 29/29 MP: 4/4
  1684 | D:2      | Found a runed translucent door.
  1685 | D:2      | Noticed Crazy Yiuf
  1688 | D:2      | Acquired the +3 warlock's mirror {reflect}
  1688 | D:2      | Found the +3 warlock's mirror {reflect}
  1696 | D:2      | Paralysed by Crazy Yiuf for 4 turns
  1698 | D:2      | Slain by Crazy Yiuf

Illustrated notes

Levels and vault maps discovered:
D:1:      psy_arrival_terrarium, layout_loops_ring,
          ebering_ecumenical_altar_webs
D:2:      layout_basic, basic_altar, uniq_crazy_yiuf_cottage

Skill      XL: |  1  2  3  4 |
---------------+-------------+-----
Dodging        | 2 |  2.0
Fighting       | |  3.7
Maces & Flails | |  3.9
Armour         | |  2.7
Stealth        | |  0.5

Action                   |  1- 3 |  4- 6 || total
-------------------------+-------+-------++-------
Melee: Mace              |   115 |     7 ||   122
  Use: Scroll            |     1 |     1 ||     2
 Stab: Distracted        |     1 |       ||     1
Armor: Animal skin       |    47 |     2 ||    49
Dodge: Dodged            |   110 |     3 ||   113
